 Dungeon Crawl Stone Soup version 0.21.1-1-g345015f (webtiles) character file.

13 inc the Ducker (level 2, 0/12 HPs)
             Began as a Felid Transmuter on Mar 13, 2018.
             Slain by a kobold
             ... wielding a +2 flail of crushing
              (1 damage)
             ... on level 2 of the Dungeon.
             The game lasted 00:00:49 (598 turns).

inc the Ducker (Felid Transmuter)                    Turns: 598, Time: 00:00:50

Health: 0/12       AC:  1    Str:  6    XL:     2   Next: 24%
Magic:  0/6        EV: 19    Int: 14    God:
Gold:   26         SH:  0    Dex: 16    Spells: 4/5 levels left
                                        Lives:  0   Deaths: 0

rFire    . . .     SeeInvis +     - Unarmed
rCold    . . .     Gourm    .   (shield unavailable)
rNeg     . . .     Faith    .   (armour unavailable)
rPois    .         Spirit   +   (helmet unavailable)
rElec    .         Reflect  .   (cloak unavailable)
rCorr    .         Harm     .   (gloves unavailable)
MR       .....                  (boots unavailable)
Stlth    ++........             f - amulet of guardian spirit
HPRegen  0.04/turn              (no ring)
MPRegen  0.10/turn              (no ring)

@: quick
A: very small, no armour, no weapons or thrown items, stealth, claws 1, fangs 3,
see invisible, carnivore, speed 1, shaggy fur 1, slow metabolism 1, sharp paws
a: no special abilities


You were on level 2 of the Dungeon.
You were not hungry.

You visited 1 branch of the dungeon, and saw 2 of its levels.

You collected 26 gold pieces.

Inventory:

Missiles
 a - 12 arrows
Jewellery
 f - an amulet of guardian spirit (around neck)
Scrolls
 e - a scroll of blinking {unknown}
Potions
 d - a potion of degeneration {unknown}
Books
 b - a book of Changes

   Spells                             Type                      Level
   a - Beastly Appendage              Transmutation                1
   b - Sticks to Snakes               Transmutation                2
   c - Spider Form                    Transmutation/Poison         3
   d - Ice Form                       Ice/Transmutation            4
   e - Blade Hands                    Transmutation                5
Comestibles
 c - a ration


   Skills:
 - Level 1.0 Fighting
 + Level 4.0 Dodging
 - Level 3.0 Unarmed Combat
 - Level 2.0 Spellcasting
 - Level 2.1 Transmutations


You had 4 spell levels left.
You knew the following spells:

 Your Spells              Type           Power        Failure   Level  Hunger
a - Beastly Appendage     Tmut           #.....       10%         1    ##.....


Dungeon Overview and Level Annotations

Branches:
Dungeon (2/15)

Altars:


Innate Abilities, Weirdness & Mutations

You cannot wear armour.
You are incapable of wielding weapons or throwing items.
Your paws allow you to move quietly. (Stealth)
You have sharp claws.
You have razor-sharp teeth.
You have supernaturally acute eyesight. (SInv)
You are carnivorous and can eat meat at any time.
You cover ground quickly.
You are covered in fur. (AC +1)
You have a slow metabolism.
Your sharp claws are effective at attacking unaware monsters.


Message History

The bat is heavily wounded.
The bat hits you.
You scratch the bat but do no damage.
The bat is heavily wounded.
The bat misses you.
You scratch the bat but do no damage.
The bat is heavily wounded.
The bat closely misses you.
You scratch the bat.
You kill the bat!
Your Dodging skill increases to level 4!
The bat misses you. The bat misses you.
You see here a bat corpse.
You miss the bat. The bat closely misses you.
You miss the kobold.
The kobold hits you with a flail of crushing!
Ouch! That really hurt!
* * * LOW HITPOINT WARNING * * *
You die...

###### #....#
#....#######
#............
##########..<.........
........@Kb...†.......
.#########gw..........
#....###...##
#....##......
####.(.......
#####.........
#....(.#......
...<(#....#(.### ....
#.......#


You could see a worm, a hobgoblin, a bat and a kobold.

Vanquished Creatures
  2 giant cockroaches (D:1)
  A goblin (D:1)
  2 kobolds (D:1)
  5 bats
  A frilled lizard (D:1)
  2 rats
13 creatures vanquished.

Notes
Turn   | Place    | Note
-------+----------+-------------------------------------------
     0 | D:1      | inc the Felid Transmuter began the quest for the Orb.
     0 | D:1      | Reached XP level 1. HP: 9/9 MP: 4/4
    18 | D:1      | Reached skill level 3 in Dodging
   323 | D:1      | Reached XP level 2. HP: 12/12 MP: 6/6
   595 | D:2      | Reached skill level 4 in Dodging
   598 | D:2      | Slain by a kobold

Skill      XL: |  1  2 |
---------------+-------+-----
Dodging        | 3 4 |  4.0
Fighting       | |  1.0
Unarmed Combat | |  3.0
Spellcasting   | |  2.0
Transmutations | |  2.1

Action                   || total
-------------------------++-------
Melee: Unarmed           ||    59
       Punch             ||     1
       Bite              ||     1
 Stab: Sleeping          ||     2
Armor: Skin              ||     8
Dodge: Dodged            ||    96
